 Dungeon Crawl Stone Soup version 0.25-a0-253-g6f1b5d974a (webtiles) character file.

Game seed: 16171645148327214478, levelgen mode: classic

400 Borgoz the Covered (level 6, -5/39 HPs)
             Began as a Gargoyle Fighter on Dec 6, 2019.
             Was an Initiate of Ashenzari.
             Killed by divine providence
             ... invoked by an orc priest
              (13 damage)
             ... on level 4 of the Dungeon.
             The game lasted 00:03:37 (2617 turns).

Borgoz the Covered (Gargoyle Fighter)               Turns: 2617, Time: 00:03:37

Health: -5/39      AC: 11    Str: 31    XL:     6   Next: 84%
Magic:  6/6        EV:  8    Int:  8    God:    Ashenzari [......]
Gold:   59         SH: 10    Dex:  9    Spells: 5/5 levels left

rFire    . . .     SeeInvis .   a - +0 long sword
rCold    . . .     Gourm    .   c - +0 shield
rNeg     + . .     Faith    .   b - +0 scale mail
rPois    ∞         Spirit   .   (no helmet)
rElec    +         Reflect  .   (no cloak)
rCorr    .         Harm     .   (no gloves)
MR       .....                  (no boots)
Stlth    +.........             (no amulet)
HPRegen  0.13/turn              e - +4 ring of strength
MPRegen  0.10/turn              l - ring of stealth

@: mighty, berserk cooldown, slowed, very slow
A: negative energy resistance 1, electricity resistance, unbreathing,
petrification resistance, rot immunity, AC +4
a: Curse Item, Renounce Religion


You were on level 4 of the Dungeon.
You worshipped Ashenzari.
Ashenzari was noncommittal.
You were hungry.

You visited 1 branch of the dungeon, and saw 4 of its levels.

You collected 59 gold pieces.

Inventory:

Hand Weapons
 a - a +0 long sword (weapon)
Armour
 b - a +0 scale mail (worn)
 c - a +0 shield (worn)
Jewellery
 e - a +4 ring of strength (left hand)
 l - a ring of stealth (right hand)
Scrolls
 i - a scroll of remove curse
Potions
 g - a potion of resistance
 j - a potion of degeneration {unknown}
 k - 2 potions of flight {unknown}
 m - a potion of berserk rage
 n - 2 potions of brilliance {unknown}
 p - a potion of ambrosia {unknown}
Comestibles
 f - 6 rations


   Skills:
 + Level 4.6 Fighting
 * Level 4.2 Long Blades
 + Level 4.7 Armour
 + Level 2.2 Dodging
 - Level 3.2 Shields


You had 5 spell levels left.
You didn't know any spells.
Your spell library contained the following spells:

 Spells                   Type           Power        Failure   Level  Hunger
 Freeze                   Ice            #...         98%         1    ##.....
 Ozocubu's Armour         Chrm/Ice       #.......     100%        3    ####...
 Hailstorm                Conj/Ice       #.......     100%        4    #####..
 Summon Ice Beast         Ice/Summ       #.......     100%        4    #####..


Dungeon Overview and Level Annotations

Branches:
Dungeon (4/15)
 Temple: D:4-7

Altars:
Ashenzari
Qazlal
Ru

Annotations:
D:3 2 transporters


Innate Abilities, Weirdness & Mutations

You are resistant to torment.
Your stone body is resilient. (AC +4)
You are immune to poison.
You resist negative energy. (rN+)
You are resistant to electric shocks. (rElec)
You can survive without breathing.
You are immune to petrification.
You are immune to rotting.


Message History

You block the worker ant's attack.
You slash the worker ant!
You kill the worker ant!
You are no longer berserk.
You are exhausted.
You feel yourself slow down.
You hit the orc.
The orc is heavily wounded.
You block the orc's attack. The orc hits you but does no damage.
You slash the orc!
You kill the orc!
The worker ant barely misses you.
You riposte.
You slash the worker ant!
The worker ant is severely wounded.
You slice the worker ant!!
You kill the worker ant!
The orc priest begins to cast a cantrip, but forgets the words!
You block the orc priest's attack.
The orc priest invokes the aid of Beogh against you.
Beogh smites you!
You die...

###
.....###########
......o@.......#
......########.#
#..............#
#... .#######..#
... #..# .. #..#
. #..# #..#
##..#


You could see an orc priest.

Vanquished Creatures
  An ogre (D:4)
  3 orc priests
  A hound (D:3)
  An orc wizard (D:3)
  2 worker ants (D:4)
  4 gnolls (D:4)
  2 adders (D:2)
  An ooze (D:1)
  3 worms (D:2)
  3 dart slugs
  3 orcs
  4 bats
  A giant cockroach (D:1)
  3 hobgoblins
  A ball python (D:2)
  3 frilled lizards
  9 goblins
  8 kobolds
  9 rats
62 creatures vanquished.

Notes
Turn   | Place    | Note
-------+----------+-------------------------------------------
     0 | D:1      | Borgoz the Gargoyle Fighter began the quest for the Orb.
     0 | D:1      | Reached XP level 1. HP: 14/14 MP: 1/1
    96 | D:1      | Reached XP level 2. HP: 19/19 MP: 2/2
   337 | D:1      | Reached XP level 3. HP: 23/23 MP: 3/3
   924 | D:2      | Reached skill level 1 in Dodging
  1298 | D:2      | Reached XP level 4. HP: 29/29 MP: 4/4
  1366 | D:2      | Found a shattered altar of Ashenzari.
  1417 | D:2      | Became a worshipper of Ashenzari the Shackled
  1946 | D:3      | Found a transporter.
  1952 | D:3      | Found a transporter.
  1953 | D:3      | Noticed an orc warrior
  1961 | D:3      | Found a sacrificial altar of Ru.
  1961 | D:3      | Found a stormy altar of Qazlal.
  1994 | D:3      | Reached XP level 5. HP: 23/33 MP: 5/5
  2560 | D:4      | Noticed an ogre
  2568 | D:4      | Killed an ogre
  2568 | D:4      | Reached XP level 6. HP: 39/39 MP: 6/6
  2617 | D:4      | Killed from afar by an orc priest

Levels and vault maps discovered:
D:1:      dpeg_arrival_shrine, layout_basic
D:2:      layout_loops_ring, lemuel_doored_altar, hangedman_abyss_or_decor_stabs
D:3:      layout_rooms, gammafunk_temple_overflow_arena, first_ration,
          minivault_11
D:4:      layout_loops_ring, lemuel_coloured_pillars_altar,
          hangedman_decor_slide_cut

Skill      XL: |  1  2  3  4  5  6 |
---------------+-------------------+-----
Long Blades    | 2 3 4 |  4.2
Dodging        | 1 2 |  2.2
Armour         | 4 |  4.7
Fighting       | 4 |  4.6
Shields        | |  3.2

Action                   |  1- 3 |  4- 6 || total
-------------------------+-------+-------++-------
Melee: Long sword        |   116 |    98 ||   214
  Use: Scroll            |       |     4 ||     4
       Potion            |       |     3 ||     3
  Eat: Chunk             |     1 |     4 ||     5
Armor: Scale mail        |    44 |    49 ||    93
Dodge: Dodged            |    38 |    29 ||    67
Block: Shield            |    75 |    56 ||   131
       Rpst.: Long sword |    16 |     7 ||    23

Table legend:
 A = Non-vault XP
 B = Vault XP
 C = Vault XP percentage of total XP
 D = Non-vault monster count
 E = Vault monster count
 F = Vault count percentage of total count
                 A         B        C        D         E       F
            +---------+---------+-------+---------+---------+-------
      Total |     572 |       0 |   0.0 |      62 |       0 |   0.0
            +---------+---------+-------+---------+---------+-------
        D:1 |      44 |       0 |   0.0 |      24 |       0 |   0.0
        D:2 |      62 |       0 |   0.0 |      18 |       0 |   0.0
        D:3 |     133 |       0 |   0.0 |       9 |       0 |   0.0
        D:4 |     333 |       0 |   0.0 |      11 |       0 |   0.0
            +---------+---------+-------+---------+---------+-------
